 Dungeon Crawl Stone Soup version 0.17-a0-995-gb5fa8d7 (webtiles) character file.

551 wotan the Grappler (level 7, -2/57 HPs)
             Began as a Ghoul Monk on May 12, 2015.
             Slain by a worker ant (6 damage)
             ... on level 5 of the Dungeon.
             The game lasted 00:21:47 (4211 turns).

wotan the Grappler (Ghoul Monk)                     Turns: 4211, Time: 00:21:48

Health: -2/57      AC:  3    Str: 15    XL:     7   Next: 29%
Magic:  6/6        EV: 12    Int:  5    God:
Gold:   223        SH:  0    Dex: 13    Spells: 0 memorised, 6 levels left

rFire  . . .     SeeInvis .       - Unarmed
rCold  + . .     Clarity  .     l - +0 leather armour {MR+}
rNeg   + + +     SustAb   .     (no shield)
rPois  ∞         Gourm    .     (no helmet)
rElec  .         Spirit   .     (no cloak)
rCorr  .         Warding  .     (no gloves)
rMut   .         Stasis   .     (no boots)
MR     +....                    (no amulet)
Stlth  ++........               (no ring)
                                (no ring)

@: rotting, somewhat resistant to hostile enchantments, unstealthy
A: rotting body, claws 1, carnivore 3, cold resistance 1, negative energy
resistance 3, slow healing 1, torment resistance, unbreathing
a: no special abilities


You were on level 5 of the Dungeon.
You were not hungry.

You visited 1 branch of the dungeon, and saw 5 of its levels.

You collected 223 gold pieces.

Inventory:

Missiles
 g - 4 steel tomahawks
 i - 5 javelins (quivered)
Armour
 l - a +0 leather armour of magic resistance (worn)
 m - a +0 scale mail
Scrolls
 k - 2 scrolls of remove curse
Potions
 d - a potion of lignification
 e - a potion of invisibility
 f - a potion of agility {unknown}
 h - a potion of brilliance {unknown}
 j - a potion of curing {unknown}
Comestibles
 a - a chunk of flesh
 b - 2 meat rations


   Skills:
 - Level 3.3 Fighting
 - Level 3.0 Dodging
 - Level 2.1 Stealth
 + Level 9.2 Unarmed Combat


You had 6 spell levels left.
You didn't know any spells.

Dungeon Overview and Level Annotations

Branches:
Dungeon (5/15)
 Temple: D:4-7

Altars:
Sif Muna
Trog

Shops:
D:5 !

Annotations:
D:4 Sigmund


Innate Abilities, Weirdness & Mutations

Your body is rotting away.
You thrive on raw meat.
You are immune to poison.
You have sharp fingernails.
You are carnivorous and can eat meat at any time.
Your flesh is cold resistant.
You are immune to negative energy.
You heal slowly when monsters are visible.
You are immune to unholy pain and torment.
You can survive without breathing.


Message History

The ogre hits you with a giant spiked club.
You claw the ogre!
The ogre is almost dead.
You scratch the ogre but do no damage.
The ogre is almost dead.
The ogre hits you with a giant spiked club!!
* * * LOW HITPOINT WARNING * * *
You scratch the ogre.
You kill the ogre!
Your Unarmed Combat skill increases to level 9!
The worker ant bites you.
* * * LOW HITPOINT WARNING * * *
Your leather armour prevents you from hitting the worker ant.
The worker ant bites you but does no damage.
Read which item? (? for menu, Esc to quit)
Okay, then.
Drink which item? (? for menu, Esc to quit)
It was a potion of lignification.
You feel woody for a moment. The worker ant bites you.
You die...

...... #.### ......#
##.#.# .......
##.##.# #......###
#..##.# #........#
##....## #.....).∩##
##.....#
#..##.....##
###......#
##.....####........#
##........a@......#
#.....######...#.#
##..### ##....# #..#
##.### #..# #..#
..## #.## #.. ##.#
... #.## ##.#


You could see a worker ant.

Vanquished Creatures
  A hippogriff (D:3)
  An ogre (D:5)
  2 orc wizards
  A hound (D:5)
  An iguana (D:4)
  3 orc priests (D:3)
  A worker ant (D:4)
  3 adders
  2 oozes (D:2)
  5 worms
  2 giant geckos (D:2)
  9 orcs
  4 giant cockroaches
  8 hobgoblins
  8 jackals
  9 bats
  2 giant newts
  10 goblins
  5 kobolds
  3 quokkas
  5 rats
85 creatures vanquished.

Notes
Turn   | Place    | Note
--------------------------------------------------------------
     0 | D:1      | wotan the Ghoul Monk began the quest for the Orb.
     0 | D:1      | Reached XP level 1. HP: 19/19 MP: 0/0
   394 | D:1      | Reached XP level 2. HP: 24/26 MP: 1/1
   615 | D:2      | Reached skill level 5 in Unarmed Combat
   748 | D:2      | Reached XP level 3. HP: 31/31 MP: 2/2
  1447 | D:2      | Reached XP level 4. HP: 27/36 MP: 3/3
  2061 | D:3      | Found a bloodstained altar of Trog.
  2061 | D:3      | Found a deep blue altar of Sif Muna.
  2183 | D:3      | Reached skill level 6 in Unarmed Combat
  2224 | D:3      | Reached XP level 5. HP: 15/45 MP: 4/4
  2568 | D:3      | Noticed a hippogriff
  2578 | D:3      | Killed a hippogriff
  2578 | D:3      | Reached skill level 7 in Unarmed Combat
  2578 | D:3      | Reached XP level 6. HP: 11/51 MP: 5/5
  2885 | D:3      | Reached skill level 8 in Unarmed Combat
  3571 | D:4      | Noticed Sigmund
  3857 | D:4      | Reached XP level 7. HP: 25/56 MP: 6/6
  4110 | D:5      | Entered Level 5 of the Dungeon
  4188 | D:5      | Found Lahiacoq's Distillery.
  4200 | D:5      | Reached skill level 9 in Unarmed Combat
  4211 | D:5      | Slain by a worker ant

Vault maps used:
D:1:      onia_arrival_pentagram, serial_bayou_pond_d
D:2:      serial_forest, infiniplex_forest_lined_3,
          infiniplex_forest_clump_small, infiniplex_forest_straight_5,
          infiniplex_forest_straight_4, infiniplex_forest_straight_3,
          first_bread, hangedman_decor_growths
D:3:      gammafunk_temple_overflow_elements
D:4:      uniq_pikel, uniq_sigmund
D:5:      serial_shops, shop, nicolae_shop_crystal, nicolae_shop_waterfront,
          uniq_menkaure

Action                   |  1- 3 |  4- 6 |  7- 9 || total
-------------------------+-------+-------+-------++-------
Melee: Unarmed           |    84 |   167 |    28 ||   279
  Use: Scroll            |     2 |    10 |       ||    12
       Potion            |       |     1 |     1 ||     2
 Stab: Sleeping          |       |     3 |     1 ||     4
  Eat: Chunk             |     3 |     9 |     3 ||    15
